 Dungeon Crawl Stone Soup version 0.28.0-53-g5a82cb258f (webtiles) character file.

Game seed: 4137139772849272485

180 DildoBatman the Conjurer (level 5, -11/36 (39) HPs)
             Began as a Formicid Conjurer on July 15, 2022.
             Mangled by an ogre
             ... wielding a +0 giant club
              (27 damage)
             ... on level 5 of the Dungeon.
             The game lasted 00:07:16 (2482 turns).

DildoBatman the Conjurer (Formicid Conjurer)        Turns: 2482, Time: 00:07:17

HP:   -11/36 (39)   AC:  4    Str: 11    XL:     5   Next: 91%
MP:   0/9           EV: 12    Int: 18    God:
Gold: 169           SH:  0    Dex: 11    Spells: 7/10 levels left

rFire   . . .      SeeInvis +   b - +0 hunting sling
rCold   . . .      Faith    .   (no shield)
rNeg    + + .      Spirit   .   c - +0 robe
rPois   .          Reflect  .   (helmet unavailable)
rElec   .          Harm     .   (no cloak)
rCorr   .          Rampage  .   q - +0 pair of gloves
Will    .....                   n - +0 pair of boots
Stlth   ++........              (no amulet)
HPRegen 0.12/turn               g - ring of positive energy
MPRegen 0.11/turn               x - ring of positive energy

@: drained
A: permanent stasis, dig shafts and tunnels, antennae 3, four strong arms
a: Dig, Shaft Self


You were on level 5 of the Dungeon.
You visited 1 branch of the dungeon, and saw 5 of its levels.

You collected 169 gold pieces.

Inventory:

Hand Weapons
 a - a +2 short sword of venom
 b - a +0 hunting sling (weapon)
 d - a +2 dagger of holy wrath
 e - a +0 spear
Missiles
 f - 65 stones (quivered ammo)
 h - 6 javelins
 o - 66 arrows
 y - 16 bolts
 B - 23 sling bullets
 C - 5 boomerangs
 D - 5 poisoned darts
 F - 3 atropa-tipped darts
Armour
 c - a +0 robe (worn)
 n - a +0 pair of boots (worn)
 q - a +0 pair of gloves (worn)
Magical Staves
 z - a staff of death
Jewellery
 g - a ring of positive energy (left hand)
 x - a ring of positive energy (right hand)
Scrolls
 j - a scroll of silence {unknown}
 k - a scroll of immolation {unknown}
 l - a scroll of fear {unknown}
 p - a scroll of teleportation {unknown}
 r - a scroll of vulnerability {unknown}
 s - a scroll of identify {unknown}
 t - a scroll of enchant armour {unknown}
 A - a scroll of amnesia {unknown}
 E - 2 scrolls of fog
Potions
 i - 2 potions of attraction {unknown}
 m - a potion of mutation {unknown}
 u - a potion of lignification {unknown}
 v - a potion of curing {unknown}
 w - a potion of heal wounds {unknown}


   Skills:
 * Level 2.5 Fighting
 * Level 2.5 Armour
 - Level 2.0 Dodging
 - Level 2.4 Stealth
 * Level 3.3 Spellcasting
 * Level 4.3 Conjurations


You had 7 spell levels left.
You knew the following spells:

 Your Spells              Type           Power      Damage    Failure   Level
a - Searing Ray           Conj           36%        2d5       4%          2
c - Magic Dart            Conj           72%        1d6       2%          1

Your spell library contained the following spells:

 Spells                   Type           Power      Damage    Failure   Level
 Dazzling Flash           Conj/Hex       20%        N/A       19%         3
 Fulminant Prism          Conj/Hex       5%         3d7       54%         4
 Iskenderun's Mystic Bla  Conj/Tloc      10%        2d4       54%         4


Dungeon Overview and Level Annotations

Branches:
Dungeon (5/15)
 Temple: D:4-7

Altars:
Nemelex Xobeh
Trog
Xom
Zin

Annotations:
D:4 exclusion: iguana, Blork the orc, Sigmund


Innate Abilities, Weirdness & Mutations

You cannot be hasted, slowed, berserked, paralysed or teleported.
You can dig through walls and to a lower floor.
You have a pair of large antennae on your head. (SInv)
Your four strong arms can wield two-handed weapons with a shield.


Message History

Aim: an ogre, wielding a +0 giant club (lightly wounded, 100% to hit)
The magic dart hits the ogre but does no damage.
The ogre is lightly wounded.
Casting: Magic Dart (safe; 2% risk of failure)
Confirm with . or Enter, or press ? or * to list all spells.
Aiming: Searing Ray (safe; 4% risk of failure)
Press: ? - help, Shift-Dir - straight line, f/p - ogre
Aim: an ogre, wielding a +0 giant club (lightly wounded, 89% to hit)
The searing ray hits the ogre.
The ogre is moderately wounded. (Press . to maintain the ray.)
The searing ray hits the ogre!
The ogre is heavily wounded.
The searing ray hits the ogre.
The ogre is severely wounded.
The searing ray hits the ogre.
The ogre is severely wounded.
You finish channelling your searing ray.
Casting: Searing Ray (safe; 4% risk of failure)
Confirm with . or Enter, or press ? or * to list all spells.
Aiming: Searing Ray (safe; 4% risk of failure)
Press: ? - help, Shift-Dir - straight line, f/p - ogre
Aim: an ogre, wielding a +0 giant club (severely wounded, 89% to hit)
The searing ray hits the ogre.
The ogre is severely wounded. (Press . to maintain the ray.)
The ogre hits you with a +0 giant club!!
Ouch! That really hurt!
A gnoll comes into view. It is wielding a +0 club.
Found a long sword.
Casting: Searing Ray (safe; 4% risk of failure)
Confirm with . or Enter, or press ? or * to list all spells.
Aiming: Magic Dart (safe; 2% risk of failure)
Press: ? - help, Shift-Dir - straight line, f/p - ogre
Aim: an ogre, wielding a +0 giant club (severely wounded, 100% to hit)
The magic dart hits the ogre.
The ogre is almost dead.
The ogre hits you with a +0 giant club!!
Ouch! That really hurt!
You die...

###...<.......
#.....####..##
#........#
#.....#.....#
#.....#.....#
#.....# ....g
#.....# ...#.
#O....# ..+
#@....# ..#
#######


You could see an ogre.

Vanquished Creatures
  A scorpion (D:4)
  A hound (D:4)
  3 adders
  3 worms
  2 orcs (D:3)
  4 endoplasms
  3 giant cockroaches
  3 goblins
  6 hobgoblins
  4 jackals (D:3)
  3 quokkas
  9 ball pythons
  2 bats
  A frilled lizard (D:3)
  5 kobolds
  3 rats
53 creatures vanquished.

Vanquished Creatures (others)
  A plant (D:1)
1 creature vanquished.

Grand Total: 54 creatures vanquished

Notes
Turn   | Place    | Note
-------+----------+-------------------------------------------
     0 | D:1      | DildoBatman the Formicid Conjurer began the quest for the
                  | Orb.
     0 | D:1      | Reached XP level 1. HP: 13/13 MP: 3/3
   181 | D:1      | Reached XP level 2. HP: 20/20 MP: 0/5
   184 | D:1      | Learned a level 2 spell: Searing Ray
   707 | D:2      | Reached skill level 1 in Fighting
   707 | D:2      | Reached skill level 1 in Armour
   707 | D:2      | Reached XP level 3. HP: 25/26 MP: 2/6
  1524 | D:3      | Found a shimmering altar of Xom.
  1561 | D:3      | Found a bloodstained altar of Trog.
  1620 | D:3      | Found a sparkling altar of Nemelex Xobeh.
  1640 | D:3      | Reached XP level 4. HP: 31/32 MP: 2/8
  1861 | D:3      | Reached skill level 4 in Conjurations
  1948 | D:3      | Found a faded altar of an unknown god.
  2037 | D:4      | Found a glowing silver altar of Zin.
  2073 | D:4      | Noticed Blork the orc
  2221 | D:4      | Reached XP level 5. HP: 28/38 MP: 6/9
  2317 | D:4      | Noticed Sigmund
  2466 | D:5      | Entered Level 5 of the Dungeon
  2466 | D:5      | Noticed an ogre
  2482 | D:5      | Mangled by an ogre

Illustrated notes

Levels and vault maps discovered:
D:1:      psy_arrival_conway, layout_basic, minmay_tiny_reverse_x
D:2:      layout_basic
D:3:      layout_basic, xom_teletrap_fun, amcnicky_altar_gilded,
          nicolae_overflow_hidden_temple, nicolae_ecumenical_snake_handling
D:4:      kennysheep_the_goblin_king, layout_basic, zin_academy,
          kennysheep_little_box, uniq_sigmund, uniq_blork_the_orc
D:5:      layout_basic, mainiacjoe_overflow_boulevard,
          gammafunk_temple_overflow_pools, minmay_temple_entry_proselytizer,
          minivault_1, chequers_garden

Skill      XL: |  1  2  3  4 |
---------------+-------------+-----
Dodging        | 2 |  2.0
Fighting       | 1 2 |  2.5
Armour         | 1 2 |  2.5
Conjurations   | 4 |  4.3
Spellcasting   | 3 |  3.3
Stealth        | |  2.4

Action                   |  1- 3 |  4- 6 || total
-------------------------+-------+-------++-------
Melee: Staff             |    16 |       ||    16
       Dagger            |    17 |       ||    17
       Short sword       |       |     6 ||     6
 Fire: Hunting sling     |     3 |    40 ||    43
 Cast: Magic Dart        |    26 |     8 ||    34
       Searing Ray       |     8 |     8 ||    16
 Abil: Dig               |       |     3 ||     3
  Use: Scroll            |       |     1 ||     1
 Stab: Sleeping          |     1 |       ||     1
Armor: Robe              |    14 |     3 ||    17
Dodge: Dodged            |    15 |     6 ||    21
